 Dungeon Crawl Stone Soup version 0.20-a0-1058-g0491fde (webtiles) character file.

375 Gorglomux the Cleaver (level 6, -1/78 HPs)
             Began as a Minotaur Fighter on Apr 26, 2017.
             Succumbed to a water moccasin's poison
             ... on level 3 of the Dungeon.
             The game lasted 00:02:38 (2078 turns).

Gorglomux the Cleaver (Minotaur Fighter)            Turns: 2078, Time: 00:02:39

Health: -1/78      AC: 23    Str: 26    XL:     6   Next: 44%
Magic:  5/5        EV:  2    Int:  5    God:
Gold:   139        SH: 10    Dex: 11    Spells: 5/5 levels left

rFire    + . .     SeeInvis .   a - +0 war axe
rCold    + . .     Gourm    .   c - +0 shield
rNeg     + + +     Faith    +   (armour currently unavailable)
rPois    +         Spirit   .   (helmet currently unavailable)
rElec    +         Reflect  .   (cloak currently unavailable)
rCorr    +         Harm     .   (gloves currently unavailable)
MR       .....     NoTele   +   (boots currently unavailable)
Stlth    +.........             n - amulet of faith {Faith, !P}
Regen    0.3/turn               (no ring)
MPRegen  0.1/turn               (no ring)

@: mighty, lethally poisoned (-1 -> -37), tree-form, resistant
A: (retaliatory headbutt)
a: no special abilities


You were on level 3 of the Dungeon.
You were very hungry.
You were a tree.
You visited 1 branch of the dungeon, and saw 3 of its levels.

You collected 139 gold pieces.

Inventory:

Hand Weapons
 a - a +0 war axe (weapon)
Armour
 b - a +0 scale mail (melded)
 c - a +0 shield (worn)
Jewellery
 m - an uncursed amulet of magic regeneration
   (You found it on level 2 of the Dungeon)
 n - an amulet of faith (around neck) {Faith, !P}
   (You found it on level 2 of the Dungeon)
Wands
 q - a wand of acid (6/15)
   (You found it on level 2 of the Dungeon)
Scrolls
 e - a scroll of remove curse {unknown}
 g - a scroll of fog {unknown}
 h - 2 scrolls of recharging {unknown}
 k - 4 scrolls of identify {unknown}
 o - a scroll of enchant armour {unknown}
 s - a scroll of enchant weapon {unknown}
Potions
 d - 5 potions of might
 l - a potion of resistance
 p - a potion of curing {unknown}
 u - a potion of flight {unknown}
Comestibles
 f - 4 bread rations {@e1@e1}
 r - a meat ration {@e2@e2}
 t - a royal jelly


   Skills:
 - Level 3.7 Fighting
 + Level 8.3 Axes
 - Level 3.7 Armour
 - Level 3.6 Shields


You had 5 spell levels left.
You didn't know any spells.

Dungeon Overview and Level Annotations

Branches:
Dungeon (3/15)

Altars:
Vehumet


Innate Abilities, Weirdness & Mutations

((You reflexively headbutt those who attack you in melee.))
((You have a pair of horns on your head.))


Message History

You feel much better.
You are feeling very hungry.
You feel sick.
The water moccasin bites you but does no damage.
You regained 22 hp, and now have 38/52 hp.
You feel very mighty all of a sudden.
You feel sick.
The water moccasin bites you but does no damage.
You block the water moccasin's attack.
You take 2 damage, and have 36/52 hp.
You miss the water moccasin.
You feel sick. The water moccasin bites you.
You are more poisoned.
The water moccasin poisons you!
You take 6 damage, and have 30/52 hp.
You miss the water moccasin. You headbutt the water moccasin.
You feel sick.
The water moccasin completely misses you.
You block the water moccasin's attack.
You take 2 damage, and have 28/52 hp.
Unknown command.
You closely miss the water moccasin.
Your headbutt misses the water moccasin.
You feel very sick.
The water moccasin bites you but does no damage.
You block the water moccasin's attack.
You take 3 damage, and have 25/52 hp.
You closely miss the water moccasin.
Your headbutt misses the water moccasin.
You feel sick. The water moccasin bites you!
You are more poisoned.
The water moccasin poisons you!
You take 8 damage, and have 17/52 hp.
You miss the water moccasin.
* * * LOW HITPOINT WARNING * * *
You feel very sick. The water moccasin bites you!
* * * LOW HITPOINT WARNING * * *
The water moccasin bites you.
* * * LOW HITPOINT WARNING * * *
You take 16 damage, and have 1/52 hp.
MASSIVE DAMAGE!!
You feel much better.
You feel sick. You block the water moccasin's attack.
You regained 16 hp, and now have 17/52 hp.
Unknown command.
Your shield and scale mail prevent you from hitting the water moccasin.
* * * LOW HITPOINT WARNING * * *
You feel very sick. The water moccasin bites you.
* * * LOW HITPOINT WARNING * * *
The water moccasin bites you but does no damage.
You take 5 damage, and have 12/52 hp.
Unknown command.
You feel much better.
You feel sick. The water moccasin bites you!
You are lethally poisoned!
The water moccasin poisons you! The water moccasin bites you.
You are more poisoned.
The water moccasin poisons you!
You regained 18 hp, and now have 30/52 hp.
It was a potion of resistance.
You feel protected.
You feel very sick. You block the water moccasin's attack.
You take 3 damage, and have 27/52 hp.
You closely miss the water moccasin.
Your headbutt misses the water moccasin.
You feel very sick. You block the water moccasin's attack.
The water moccasin bites you.
You are more poisoned.
The water moccasin poisons you!
You take 10 damage, and have 17/52 hp.
It was a potion of lignification.
You turn into a tree.
Your +0 scale mail melds into your body.
Your roots penetrate the ground.
* * * LOW HITPOINT WARNING * * *
You feel very sick. You block the water moccasin's attack.
You now have 20/78 hp.
Unknown command.
Unknown command.
You completely miss the water moccasin.
* * * LOW HITPOINT WARNING * * *
You feel very sick. The water moccasin barely misses you.
The water moccasin bites you but does no damage.
You take 4 damage, and have 16/78 hp.
You slash the water moccasin!
* * * LOW HITPOINT WARNING * * *
You feel very sick. The water moccasin bites you.
* * * LOW HITPOINT WARNING * * *
The water moccasin bites you but does no damage.
You take 9 damage, and have 7/78 hp.
You barely miss the water moccasin.
* * * LOW HITPOINT WARNING * * *
You feel very sick. You block the water moccasin's attack.
You take 4 damage, and have 3/78 hp.
You slash the water moccasin!
You kill the water moccasin!
Your Axes skill increases to level 8!
You die...

#.............##.##.#.# #.
.....#..####[..#......# #.
#.#.....####.#.#.##.#.##########.
#................##.#.#.##.......
#.#..#...###..........#.##.######
#.#...........#.......#.#........
#.##.#..........>##........######
.....#).......#..##...#.#.#######
#.####....###...♣...............#
#.####....# #....†.....>..#####.#
#.........###....#..#.....##.##.#
#....#.#...##..(.....##...##..#[#
...........##..#.#...##...#......
.....####...#.............<......
.....# #)[#.#.##.#...####.#...#..
#....###.)#...##.#...####.#...##.
####......##..#####.###...#...##.


There were no monsters in sight!

Vanquished Creatures
  A water moccasin (D:3)
  An orc priest (D:3)
  3 orc wizards (D:3)
  Jessica (D:3)
  4 adders
  A shadow imp (D:3)
  An ooze (D:2)
  A dart slug (D:3)
  2 leopard geckos (D:3)
  14 orcs (D:3)
  A ball python (D:1)
  2 giant cockroaches
  4 goblins
  3 hobgoblins
  2 jackals (D:3)
  8 bats
  5 frilled lizards
  11 kobolds
  7 rats
72 creatures vanquished.

Notes
Turn   | Place    | Note
-------+----------+-------------------------------------------
     0 | D:1      | Gorglomux the Minotaur Fighter began the quest for the Orb.
     0 | D:1      | Reached XP level 1. HP: 19/19 MP: 0/0
   110 | D:1      | Reached skill level 3 in Axes
   228 | D:1      | Reached XP level 2. HP: 25/27 MP: 1/1
   483 | D:2      | Reached skill level 4 in Axes
   715 | D:2      | Reached XP level 3. HP: 33/33 MP: 2/2
  1289 | D:3      | Reached skill level 5 in Axes
  1289 | D:3      | Reached XP level 4. HP: 35/40 MP: 3/3
  1309 | D:3      | Reached skill level 6 in Axes
  1382 | D:3      | Reached XP level 5. HP: 43/46 MP: 4/4
  1459 | D:3      | Noticed Jessica
  1461 | D:3      | Killed Jessica
  1464 | D:3      | Reached skill level 7 in Axes
  1641 | D:2      | Found a radiant altar of Vehumet.
  1731 | D:3      | Found a faded altar of an unknown god.
  1956 | D:3      | Reached XP level 6. HP: 52/52 MP: 5/5
  2047 | D:3      | Noticed a water moccasin
  2068 | D:3      | HP: 7/52 [water moccasin (7)]
  2068 | D:3      | HP: 1/52 [water moccasin (6)]
  2075 | D:3      | HP: 16/78 [poisoned by a water moccasin]
  2076 | D:3      | HP: 7/78 [water moccasin (5)]
  2077 | D:3      | HP: 3/78 [poisoned by a water moccasin]
  2078 | D:3      | Killed a water moccasin
  2078 | D:3      | Reached skill level 8 in Axes
  2078 | D:3      | Succumbed to a water moccasin's poison

Vault maps used:
D:1:      scummos_arrival_gate
D:2:      lemuel_upstairs_altar, serial_bayou_pond_b, serial_bayou_crossing
D:3:      first_bread, chequers_ecumenical_altar_twisty,
          nicolae_underground_beach, uniq_jessica

Skill      XL: |  1  2  3  4  5  6 |
---------------+-------------------+-----
Axes           | 3 4 5 6 7 8 |  8.3
Fighting       | |  3.7
Armour         | |  3.7
Shields        | |  3.6

Action                   |  1- 3 |  4- 6 || total
-------------------------+-------+-------++-------
Melee: War axe           |    98 |    87 ||   185
       Headbutt          |    11 |    12 ||    23
  Use: Potion            |       |     7 ||     7
  Eat: Chunk             |     1 |     2 ||     3
Armor: Scale mail        |    64 |    30 ||    94
       Skin              |       |     2 ||     2
Dodge: Dodged            |    38 |    23 ||    61
Block: Shield            |    59 |    47 ||   106

Vault maps used:
D:1:      scummos_arrival_gate
D:2:      lemuel_upstairs_altar, serial_bayou_pond_b, serial_bayou_crossing
D:3:      first_bread, chequers_ecumenical_altar_twisty,
          nicolae_underground_beach, uniq_jessica

Table legend:
 A = Turns spent in this place as a percentage of turns spent in the entire game.
 B = Non-inter-level travel turns spent in this place as a percentage of non-inter-level travel turns spent in the entire game.
 C = Inter-level travel turns spent in this place as a percentage of turns spent in this place.
 D = Turns resting spent in this place as a percentage of non-inter-level travel turns spent in this place.
 E = Turns spent auto-exploring this place as a percentage of non-inter-level travel turns spent in this place.
 F = Non-inter-level travel turns spent in this place divided by the number of levels of this place that you've seen.
                   A       B       C       D       E      F
               +-------+-------+-------+-------+-------+----------------------
         Total | 100.0 | 100.0 |   0.1 |   0.1 |   9.6 | 603.0
       Dungeon | 100.0 | 100.0 |   0.1 |   0.1 |   9.6 | 603.0
               +-------+-------+-------+-------+-------+----------------------

Table legend:
 A = Kills in this place as a percentage of kills in entire the game.
 B = Kills by you in this place as a percentage of kills by you in the entire game.
 C = Kills by friends in this place as a percentage of kills by friends in the entire game.
 D = Other kills in this place as a percentage of other kills in the entire game.
 E = Experience gained in this place as a percentage of experience gained in the entire game.
 F = Experience gained in this place divided by the number of levels of this place that you have seen.
                   A       B       C       D       E      F
               +-------+-------+-------+-------+-------+----------------------
         Total | 100.0 | 100.0 |  -nan |  -nan | 100.0 | 178.7
       Dungeon | 100.0 | 100.0 |  -nan |  -nan | 100.0 | 178.7
               +-------+-------+-------+-------+-------+----------------------
